 Dungeon Crawl Stone Soup version 0.31-a0-303-gdc8c9485ea (webtiles) character file.

Game seed: 2129771632854992967

121836 zazu2006 the Slicer (level 16, -30/133 HPs)
             Began as a Gnoll Wanderer on July 16, 2023.
             Was a High Priest of Vehumet.
             Killed from afar by Nikola (36 damage)
             ... with a bolt of lightning
             ... on level 1 of the Spider Nest.
             The game lasted 02:25:48 (34988 turns).

zazu2006 the Slicer (Gnoll Wanderer)               Turns: 34988, Time: 02:25:49

Health: -30/133    AC: 18    Str: 16    XL:     16   Next: 86%
Magic:  21/40      EV: 17    Int: 16    God:    Vehumet [*****.]
Gold:   1711       SH: 11    Dex: 18    Spells: 0/37 levels left

rFire   . . .        f - +12 war axe of Duty {heavy, rC+ Will+ MP+9 Int-4}
rCold   + + .        q - +4 buckler of the Endless Expanse {Dex+3}
rNeg    . . .        j - +3 ring mail {rPois}
rPois   +            o - +0 helmet
rElec   .            R - +0 cloak
rCorr   .            n - +0 pair of gloves
SInv    +            I - +0 pair of boots
Will    ++...        (no amulet)
Stlth   ++++         h - ring "Seyhethu" {rC+ Int+6 Dex+2 SInv}
HPRegen 0.42/turn    d - ring of wizardry
MPRegen 0.27/turn

%: random rage (3%), wizardry (x1)
@: invisible
A: fangs 1, strong nose, distributed training, iridescent scales 1, berserk 1
a: Renounce Religion


You were on level 1 of the Spider Nest.
You worshipped Vehumet.
Vehumet was extremely pleased with you.
You visited 8 branches of the dungeon, and saw 27 of its levels.
You also visited: Sewer and Bailey.

You collected 3125 gold pieces.
You spent 1414 gold pieces at shops.

Inventory:

Hand Weapons
 a - a +3 short sword
 f - the +12 war axe of Duty (weapon) {heavy, rC+ Will+ MP+9 Int-4}
   (You found it on level 14 of the Dungeon)

   Int:       It affects your intelligence (-4).
   rC:        It protects you from cold.
   MP:        It affects your magic capacity (+9).
   Will:      It increases your willpower.
 v - a +1 long sword of flaming
 B - a +3 dagger
Armour
 j - a +3 ring mail of poison resistance (worn)
 n - a +0 pair of gloves (worn)
 o - a +0 helmet (worn)
 q - the +4 buckler of the Endless Expanse (worn) {Dex+3}
   (You acquired it in a bailey)

   Dex:       It affects your dexterity (+3).
 I - a +0 pair of boots (worn)
 J - +1 steam dragon scales
 R - a +0 cloak (worn)
Jewellery
 d - a ring of wizardry (right hand)
 g - a ring of resist corrosion
 h - the ring "Seyhethu" (left hand) {rC+ Int+6 Dex+2 SInv}
   (You bought it in a shop on level 1 of the Depths)

   [ring of intelligence]

   Int:       It affects your intelligence (+6).
   Dex:       It affects your dexterity (+2).
   rC:        It protects you from cold.
   SInv:      It lets you see invisible.
 k - a ring of poison resistance
Wands
 b - a wand of polymorph (8)
 l - a wand of flame (27)
 L - a wand of roots (5) (quivered)
 M - a wand of digging (16)
 S - a wand of paralysis (9)
Scrolls
 c - 2 scrolls of fear
 p - 3 scrolls of immolation
 u - 2 scrolls of identify
 x - 4 scrolls of fog
 y - 4 scrolls of revelation
 D - 2 scrolls of poison
 E - 3 scrolls of teleportation
 K - 7 scrolls of noise
Potions
 e - 8 potions of enlightenment
 m - 2 potions of lignification
 s - a potion of berserk rage
 t - 2 potions of ambrosia
 w - 5 potions of might
 z - 9 potions of curing
 A - 7 potions of haste
 G - 2 potions of cancellation
 Q - a potion of magic


   Skills:
 + Level 14.0 Fighting
 + Level 14.0 Short Blades
 + Level 11.4 Long Blades
 + Level 11.4 Axes
 + Level 11.4 Maces & Flails
 + Level 11.4 Polearms
 + Level 11.4 Staves
 + Level 11.4 Ranged Weapons
 + Level 11.4 Throwing
 + Level 11.4 Armour
 + Level 11.4 Dodging
 + Level 11.6 Stealth
 + Level 11.4 Shields
 + Level 11.4 Unarmed Combat
 + Level 11.4 Spellcasting
 + Level 9.6 Conjurations
 + Level 9.6 Hexes
 + Level 9.6 Summonings
 + Level 9.6 Necromancy
 + Level 9.6 Translocations
 + Level 9.6 Transmutations
 + Level 9.6 Fire Magic
 + Level 9.6 Ice Magic
 + Level 9.6 Air Magic
 + Level 9.6 Earth Magic
 + Level 9.6 Poison Magic
 + Level 12.4 Invocations
 + Level 11.7 Evocations
 + Level 9.6 Shapeshifting


You couldn't memorise any spells.
You knew the following spells:

 Your Spells              Type           Power      Damage    Failure   Level
a - Shock                 Conj/Air       100%       1d9       1%          1
b - Mephitic Cloud        Conj/Pois/Air  40%        N/A       1%          3
c - Iskenderun's Mystic   Conj/Tloc      40%        2d9       1%          4
d - Fireball              Conj/Fire      20%        3d10      1%          5
e - Freezing Cloud        Conj/Ice/Air   20%        6-21      1%          5
f - Lee's Rapid Deconstr  Erth           20%        3d12*     1%          5
g - Ozocubu's Refrigerat  Ice            20%        4d11      24%         7
h - Stone Arrow           Conj/Erth      80%        3d12      1%          3
i - Olgreb's Toxic Radia  Pois           40%        N/A       1%          4

Your spell library contained the following spells:

 Spells                   Type           Power      Damage    Failure   Level
 Plasma Beam              Fire/Air       20%        2x1d32    5%          6
 Magic Dart               Conj           100%       1d8       1%          1
 Sandblast                Erth           80%        2d17      1%          1
 Sting                    Tmut/Pois      100%       1d8       1%          1
 Summon Small Mammal      Summ           100%       N/A       1%          1
 Ensorcelled Hibernation  Hex/Ice        80%        N/A       1%          2
 Passwall                 Tmut/Erth      33%        N/A       1%          2
 Poisonous Vapours        Pois/Air       80%        N/A       1%          2
 Searing Ray              Conj           80%        2d7       1%          2
 Call Canine Familiar     Summ           40%        N/A       1%          3
 Portal Projectile        Hex/Tloc       80%        N/A       1%          3
 Summon Guardian Golem    Hex/Summ       40%        N/A       1%          3
 Swiftness                Air            40%        N/A       1%          3
 Tukima's Dance           Hex            40%        N/A       1%          3
 Fulminant Prism          Conj/Hex       20%        3d12      1%          4
 Iskenderun's Battlesphe  Conj           40%        2d9       1%          5
 Conjure Ball Lightning   Conj/Air       20%        3x3d6     5%          6
 Orb of Destruction       Conj           20%        9d8       24%         7


Dungeon Overview and Level Annotations

Branches:
Dungeon (15/15)            Temple (1/1) D:6            Lair (5/5) D:9
 Shoals (1/4) Lair:2       Spider (1/4) Lair:3        Slime (0/5) Lair:4
    Orc (2/2) D:9             Elf (1/3) Orc:2        Vaults (0/5) D:14
 Depths (1/4) D:15          Sewer (visited)          Bailey (visited)

Altars:
Ashenzari
Cheibriados
Dithmenos
Elyvilon
Hepliaklqana
Kikubaaqudgha
Nemelex Xobeh
Sif Muna
Trog
Uskayaw
Vehumet
Yredelemnul

Shops:
D:9 ?   D:11 *   Orc:2 *[:   Depths:1 =

Annotations:
D:13 3 runed translucent doors, AwFulAwFulPlayer's ghost, novice FoFi
Spider:1 Nikola


Innate Abilities, Weirdness & Mutations

You have very sharp teeth.
Your uncanny sense of smell can sniff out nearby items.
Your experience applies equally to all skills.
You are partially covered in iridescent scales. (AC +2)
You sometimes lose your temper in combat.


Message History

Confirm with . or Enter, or press ? or * to list all spells.
Aiming: Freezing Cloud (mildly dangerous; 1% risk of failure)
Press: ? - help, Dir - move target, p - wolf spider The culicivora's many legs skitter faintly.
The wolf spider's many legs skitter.
The wolf spider is engulfed in noxious fumes.
The wolf spider appears confused.
The culicivora is engulfed in noxious fumes.
Unknown command.
The wolf spider hits you! You block the wolf spider's attack.
The wolf spider hits itself.
The wolf spider bites itself!
The culicivora is engulfed in noxious fumes.
The culicivora appears confused.
You slash the wolf spider!
The wolf spider is moderately wounded.
You catch the helpless culicivora completely off-guard!
You slice the culicivora!! The wolf spider misses you.
You block the wolf spider's attack.
The wolf spider hits itself!
The wolf spider bites itself!
The culicivora is engulfed in noxious fumes.
You strike the helpless wolf spider from behind!
You slice the wolf spider!!
You kill the wolf spider!
Vehumet accepts your kill.
You catch the helpless culicivora completely off-guard!
You slice the culicivora!!
You kill the culicivora!
Vehumet accepts your kill.
Nikola is engulfed in freezing vapours.
Nikola is engulfed in freezing vapours.
Nikola points at you and mumbles some strange words.
The bolt of lightning hits you!!!
* * * LOW HITPOINT WARNING * * *
You hear a faint skittering sound.
Nikola is engulfed in freezing vapours.
You see here an emperor scorpion corpse.
There is a crawl-hole back to the Lair, spattered with blood here.
Nikola gestures at you while chanting. The bolt of lightning misses you.
The bolt of lightning hits you!!!
You die...

#...####....###
s.#
##.....##....#
...
####........#
s.. #.......@.#
..
###....>##.## .
##.###.....^#
#.........###
##.....#†..#
#.....#@..#
#..##.###.#
####### ###


You could see Nikola.

Vanquished Creatures
  Jorgrun (D:15)
  Rupert (D:12)
  An emperor scorpion (Spider:1)
  An orc warlord (Orc:2)
  Nessos (Orc:2)
  3 dire elephants
  2 ettins
  Snorg (Orc:2)
  Josephine (D:12)
  The ghost of Piem the Mimic, a journeyman DsMo of Cheibriados (D:12)
  3 catoblepae
  7 hydras
  5 centaur warriors
  3 boulder beetles
  2 dancing weapons (D:14)
  9 two-headed ogres
  7 death yaks
  5 orc high priests
  A tengu warrior (D:12)
  Nergalle (Lair:3)
  Sonja (Lair:2)
  3 skysharks
  3 skeletal warriors (D:13)
  An orb spider (Spider:1)
  A steelbarb worm (Spider:1)
  5 orc knights
  5 harpies (Shoals:1)
  6 deep elf pyromancers
  3 wolf spiders (Spider:1)
  5 orc sorcerers
  18 ugly things
  A moth of wrath (shapeshifter) (D:15)
  5 manticores
  A moth of wrath (D:12)
  17 elephants
  8 black mambas
  3 cyclopes
  6 gargoyles
  17 cane toads
  8 komodo dragons
  Maggie (D:7)
  A kobold demonologist (Bailey)
  4 rime drakes
  A freezing wraith (D:15)
  3 meliai (D:13)
  9 trolls
  2 tarantellas (Spider:1)
  Prince Ribbit (D:7)
  17 blink frogs
  2 hornets
  11 polar bears
  A raiju (Lair:5)
  2 dream sheep (Lair:5)
  A blink frog (shapeshifter) (D:14)
  6 jumping spiders
  A centaur simulacrum (D:12)
  2 slime creatures (D:15)
  2 shadows
  3 culicivoras
  3 vampires
  5 wraiths
  34 yaks
  7 basilisks
  6 wyverns
  6 redbacks
  8 wargs
  10 vampire mosquitoes
  Edmund (D:4)
  3 acid dragons
  13 water moccasins
  Duvessa (D:4)
  14 hell hounds (Lair:5)
  35 orc warriors
  7 ice beasts
  13 black bears
  35 wolves
  5 ogres
  7 centaurs
  2 phantoms (D:6)
  A kobold brigand (D:9)
  3 gnoll sergeants
  15 bullfrogs
  5 scorpions
  18 wights
  Dowan (D:4)
  21 killer bees
  6 electric eels
  8 howler monkeys
  4 lava snakes (Lair:5)
  6 hounds
  3 jellies
  A gnoll bouda (D:8)
  24 orc priests
  A sleepcap (D:6)
  2 iguanas
  Natasha (thrice) (D:4)
  29 orc wizards
  7 hell rats (Lair:5)
  24 gnolls
  3 river rats
  10 adders
  A shadow imp (D:6)
  A white imp (D:7)
  2 ufetubi
  3 worms
  2 dart slugs
  75 orcs
  10 bats
  11 endoplasms
  6 giant cockroaches
  20 goblins
  16 hobgoblins
  4 jackals
  2 quokkas
  13 ball pythons
  7 frilled lizards
  10 kobolds
  10 rats
846 creatures vanquished.

Vanquished Creatures (others)
  3 wolf spiders (Spider:1)
  3 tarantellas (Spider:1)
  An orc warrior (Orc:2)
  A killer bee (D:6)
  An electric eel (Lair:5)
9 creatures vanquished.

Grand Total: 855 creatures vanquished

Notes
Turn   | Place    | Note
-------+----------+-------------------------------------------
     0 | D:1      | zazu2006 the Gnoll Wanderer began the quest for the Orb.
     0 | D:1      | zazu2006 set off with the following items: a +3 short
                  | sword, a wand of polymorph (5), a scroll of fear, a +0
                  | leather armour.
     0 | D:1      | Reached XP level 1. HP: 26/26 MP: 1/1
   101 | D:1      | Reached XP level 2. HP: 33/33 MP: 2/2
   639 | D:2      | Reached XP level 3. HP: 38/38 MP: 3/3
   729 | D:2      | Noticed Terence
   746 | D:2      | Gained mutation: You sometimes lose your temper in combat.
                  | [potion of mutation]
   746 | D:2      | Gained mutation: You are partially covered in iridescent
                  | scales. (AC +2) [potion of mutation]
   749 | D:2      | Terence changed into Terence the river rat
   749 | D:2      | Noticed Terence
  1050 | D:2      | Found a shadowy altar of Dithmenos.
  1060 | D:2      | Reached skill level 1 in Invocations
  1076 | D:2      | Found a faded altar of an unknown god.
  1327 | D:2      | Killed Terence the river rat
  1328 | D:2      | Reached skill level 1 in Long Blades
  1328 | D:2      | Reached skill level 1 in Axes
  1328 | D:2      | Reached skill level 1 in Maces & Flails
  1328 | D:2      | Reached skill level 1 in Polearms
  1328 | D:2      | Reached skill level 1 in Staves
  1328 | D:2      | Reached skill level 1 in Ranged Weapons
  1328 | D:2      | Reached skill level 1 in Throwing
  1328 | D:2      | Reached skill level 1 in Armour
  1328 | D:2      | Reached skill level 1 in Dodging
  1328 | D:2      | Reached skill level 1 in Shields
  1328 | D:2      | Reached skill level 1 in Unarmed Combat
  1328 | D:2      | Reached skill level 1 in Spellcasting
  1374 | D:2      | Reached XP level 4. HP: 45/45 MP: 5/5
  1618 | D:3      | Reached skill level 1 in Conjurations
  1618 | D:3      | Reached skill level 1 in Hexes
  1618 | D:3      | Reached skill level 1 in Summonings
  1618 | D:3      | Reached skill level 1 in Necromancy
  1618 | D:3      | Reached skill level 1 in Translocations
  1618 | D:3      | Reached skill level 1 in Transmutations
  1618 | D:3      | Reached skill level 1 in Fire Magic
  1618 | D:3      | Reached skill level 1 in Ice Magic
  1618 | D:3      | Reached skill level 1 in Air Magic
  1618 | D:3      | Reached skill level 1 in Earth Magic
  1618 | D:3      | Reached skill level 1 in Poison Magic
  1618 | D:3      | Reached skill level 1 in Shapeshifting
  1656 | D:3      | Found a glowing drain.
  1661 | D:3      | Reached XP level 5. HP: 51/51 MP: 5/7
  1669 | Sewer    | Entered a sewer
  1732 | Sewer    | Noticed a water moccasin
  1754 | Sewer    | Killed a water moccasin
  1755 | Sewer    | Reached XP level 6. HP: 32/57 MP: 8/8
  2366 | D:4      | Reached XP level 7. HP: 63/63 MP: 10/10
  2442 | D:4      | Noticed Edmund
  2458 | D:4      | Killed Edmund
  2618 | D:4      | Noticed Natasha
  2627 | D:4      | Killed Natasha
  2674 | D:4      | Noticed Natasha
  2684 | D:4      | Killed Natasha
  2688 | D:4      | Found an ancient bone altar of Kikubaaqudgha.
  2784 | D:4      | Noticed Duvessa
  2809 | D:4      | Noticed Dowan
  2827 | D:4      | Killed Duvessa
  2829 | D:4      | Killed Dowan
  2830 | D:4      | Reached XP level 8. HP: 20/71 MP: 12/12
  2970 | D:4      | Noticed Natasha
  2984 | D:4      | Killed Natasha
  3510 | D:5      | Entered Level 5 of the Dungeon
  3743 | D:5      | Found a white marble altar of Elyvilon.
  3869 | D:5      | Found a basalt altar of Yredelemnul.
  4357 | D:6      | Learned a level 3 spell: Mephitic Cloud
  4574 | D:6      | Found a staircase to the Ecumenical Temple.
  4588 | D:6      | Noticed a troll
  4597 | Temple   | Entered the Ecumenical Temple
  4606 | Temple   | Became a worshipper of Vehumet
  4624 | Temple   | Killed a troll
  4625 | Temple   | Reached XP level 9. HP: 11/77 MP: 14/14
  5043 | D:6      | Reached skill level 5 in Evocations
  5438 | D:6      | Reached skill level 5 in Stealth
  5881 | D:6      | Reached * piety under Vehumet
  5881 | D:6      | Offered knowledge of Freeze by Vehumet.
  5882 | D:6      | Reached skill level 5 in Invocations
  6596 | D:7      | Noticed Prince Ribbit
  6648 | D:7      | Found a flagged portal.
  6667 | Bailey   | Entered a bailey
  6717 | Bailey   | Reached XP level 10. HP: 85/85 MP: 13/17
  6771 | Bailey   | Reached skill level 5 in Long Blades
  6771 | Bailey   | Reached skill level 5 in Axes
  6771 | Bailey   | Reached skill level 5 in Maces & Flails
  6771 | Bailey   | Reached skill level 5 in Polearms
  6771 | Bailey   | Reached skill level 5 in Staves
  6771 | Bailey   | Reached skill level 5 in Ranged Weapons
  6771 | Bailey   | Reached skill level 5 in Throwing
  6771 | Bailey   | Reached skill level 5 in Armour
  6771 | Bailey   | Reached skill level 5 in Dodging
  6771 | Bailey   | Reached skill level 5 in Shields
  6771 | Bailey   | Reached skill level 5 in Unarmed Combat
  6771 | Bailey   | Reached skill level 5 in Spellcasting
  6828 | Bailey   | Offered knowledge of Shock by Vehumet.
  6844 | Bailey   | Reached skill level 10 in Fighting
  6844 | Bailey   | Reached skill level 10 in Short Blades
  6846 | Bailey   | Reached ** piety under Vehumet
  6889 | Bailey   | Learned a level 1 spell: Shock
  6894 | Bailey   | Learned a level 4 spell: Iskenderun's Mystic Blast
  6923 | Bailey   | Noticed a kobold demonologist
  6949 | Bailey   | Killed a kobold demonologist
  6982 | Bailey   | Noticed an orc high priest
  6999 | Bailey   | Killed an orc high priest
  7147 | Bailey   | Acquired the +4 buckler of the Endless Expanse {Dex+3}
  7387 | Bailey   | Found an iron altar of Okawaru.
  7891 | D:7      | Noticed Maggie
  7899 | D:7      | Killed Maggie
  8234 | D:7      | Killed Prince Ribbit
  8532 | D:8      | Noticed a two-headed ogre
  8783 | D:8      | Reached XP level 11. HP: 72/92 MP: 9/19
  8877 | D:8      | Offered knowledge of Frozen Ramparts by Vehumet.
  9256 | D:8      | Reached skill level 5 in Conjurations
  9256 | D:8      | Reached skill level 5 in Hexes
  9256 | D:8      | Reached skill level 5 in Summonings
  9256 | D:8      | Reached skill level 5 in Necromancy
  9256 | D:8      | Reached skill level 5 in Translocations
  9256 | D:8      | Reached skill level 5 in Transmutations
  9256 | D:8      | Reached skill level 5 in Fire Magic
  9256 | D:8      | Reached skill level 5 in Ice Magic
  9256 | D:8      | Reached skill level 5 in Air Magic
  9256 | D:8      | Reached skill level 5 in Earth Magic
  9256 | D:8      | Reached skill level 5 in Poison Magic
  9256 | D:8      | Reached skill level 5 in Shapeshifting
  9410 | D:8      | Reached *** piety under Vehumet
  9848 | D:8      | Killed a two-headed ogre
 10287 | D:9      | Offered knowledge of Olgreb's Toxic Radiance by Vehumet.
 10554 | D:9      | Reached **** piety under Vehumet
 10605 | D:9      | Offered knowledge of Volatile Blastmotes by Vehumet.
 10700 | D:9      | Found a staircase to the Lair.
 10785 | D:9      | Identified the +3 rapier "Hoaditou" {heavy, *Rage rPois rC+
                  | Will++}
 10848 | D:9      | Noticed a two-headed ogre
 10866 | D:9      | Killed a two-headed ogre
 11117 | D:9      | Reached XP level 12. HP: 100/100 MP: 22/22
 11260 | D:9      | Found a staircase to the Orcish Mines.
 11326 | D:9      | Found Uval's Magic Scroll Shoppe.
 11335 | D:9      | Bought a scroll of identify for 22 gold pieces
 11335 | D:9      | Bought a scroll of identify for 22 gold pieces
 11410 | Lair:1   | Entered Level 1 of the Lair of Beasts
 11525 | Lair:1   | Learned a level 5 spell: Fireball
 11531 | Lair:1   | Learned a level 5 spell: Freezing Cloud
 11810 | Lair:1   | Reached ***** piety under Vehumet
 12365 | Lair:2   | Noticed a seven-headed hydra
 12373 | Lair:2   | Killed a seven-headed hydra
 12489 | Lair:2   | Noticed a catoblepas
 12840 | Lair:2   | Noticed a boulder beetle
 13020 | Lair:2   | Offered knowledge of Irradiate by Vehumet.
 13097 | Lair:2   | Found a staircase to the Shoals.
 13112 | Lair:2   | Killed a catoblepas
 13409 | Lair:2   | Noticed a seven-headed hydra
 13416 | Lair:2   | Killed a six-headed hydra
 13590 | Lair:2   | Reached XP level 13. HP: 99/106 MP: 22/25
 14065 | Lair:2   | Noticed Sonja
 14076 | Lair:2   | Killed Sonja
 14789 | Lair:3   | Noticed Nergalle
 14815 | Lair:3   | Killed Nergalle
 15093 | Lair:3   | Found a hole to the Spider Nest.
 15990 | Lair:4   | Found a staircase to the Slime Pits.
 16964 | Lair:5   | Entered Level 5 of the Lair of Beasts
 17279 | Lair:5   | Reached XP level 14. HP: 100/115 MP: 8/27
 17895 | Lair:5   | Identified the +4 war axe of Spite {freeze, *Rage Str+7}
 17910 | Lair:5   | Reached skill level 10 in Invocations
 18094 | Lair:5   | Offered knowledge of Lee's Rapid Deconstruction by Vehumet.
 18287 | Lair:5   | Learned a level 5 spell: Lee's Rapid Deconstruction
 18543 | Lair:5   | Noticed a dire elephant
 19057 | D:10     | Entered Level 10 of the Dungeon
 20254 | D:10     | Found a sparkling altar of Nemelex Xobeh.
 20865 | D:11     | Found Jinoaxum's General Store.
 20874 | D:11     | Bought a scroll of identify for 22 gold pieces
 20874 | D:11     | Bought a scroll of identify for 22 gold pieces
 21449 | D:12     | Noticed Josephine
 21617 | D:12     | Noticed Piem's ghost (journeyman DsMo)
 21619 | D:12     | Found a transporter.
 21713 | D:12     | Found a transporter.
 21714 | D:12     | Found a bloodstained altar of Trog.
 21962 | D:12     | Noticed Rupert
 21969 | D:12     | Reached skill level 10 in Evocations
 21970 | D:12     | Killed Rupert
 21971 | D:12     | Reached skill level 10 in Stealth
 21973 | D:12     | Killed Josephine
 23715 | Lair:5   | Reached XP level 15. HP: 122/122 MP: 18/28
 23737 | Lair:5   | Offered knowledge of Ozocubu's Refrigeration by Vehumet.
 23874 | Lair:5   | Reached skill level 10 in Long Blades
 23874 | Lair:5   | Reached skill level 10 in Axes
 23874 | Lair:5   | Reached skill level 10 in Maces & Flails
 23874 | Lair:5   | Reached skill level 10 in Polearms
 23874 | Lair:5   | Reached skill level 10 in Staves
 23874 | Lair:5   | Reached skill level 10 in Ranged Weapons
 23874 | Lair:5   | Reached skill level 10 in Throwing
 23874 | Lair:5   | Reached skill level 10 in Armour
 23874 | Lair:5   | Reached skill level 10 in Dodging
 23874 | Lair:5   | Reached skill level 10 in Shields
 23874 | Lair:5   | Reached skill level 10 in Unarmed Combat
 23874 | Lair:5   | Reached skill level 10 in Spellcasting
 25313 | Orc:1    | Entered Level 1 of the Orcish Mines
 25909 | Orc:1    | Learned a level 7 spell: Ozocubu's Refrigeration
 25917 | Orc:2    | Entered Level 2 of the Orcish Mines
 26148 | Orc:2    | Noticed an orc warlord
 26156 | Orc:2    | Noticed Snorg
 26186 | Orc:2    | Killed Snorg
 26441 | Orc:2    | Noticed Nessos
 26446 | Orc:2    | Offered knowledge of Yara's Violent Unravelling by Vehumet.
 26453 | Orc:2    | Killed Nessos
 27656 | D:13     | Found a runed translucent gate.
 27656 | D:13     | Found a runed translucent gate.
 27656 | D:13     | Found a runed translucent gate.
 27657 | D:13     | Noticed AwFulAwFulPlayer's ghost (novice FoFi)
 28394 | D:14     | Identified the +3 chain mail "Deicuedd" {Will- Int+9 Slay-2
                  | Stlth+}
 28700 | D:14     | Identified the +12 war axe of Duty {heavy, rC+ Will+ MP+9
                  | Int-4}
 28714 | D:14     | Learned a level 3 spell: Stone Arrow
 28992 | D:14     | Found a gate to the Vaults.
 29111 | D:14     | Found a sparkling altar of Nemelex Xobeh.
 29266 | D:14     | Reached XP level 16. HP: 59/131 MP: 26/30
 29647 | D:15     | Entered Level 15 of the Dungeon
 29746 | D:15     | Identified the +1 scale mail of the Storm King {+Blink
                  | rPois}
 30080 | D:15     | Noticed Jorgrun
 30099 | D:15     | Killed Jorgrun
 30334 | D:15     | Found a staircase to the Depths.
 30611 | D:15     | Found a snail-covered altar of Cheibriados.
 31873 | Orc:2    | Offered knowledge of Plasma Beam by Vehumet.
 32178 | Orc:2    | Found Duoc's Antique Armour Shoppe.
 32179 | Orc:2    | Found Catis's Antique Weapon Emporium.
 32195 | Orc:2    | Found Ucuen's General Store.
 32195 | Orc:2    | Found Sielapro's Book Shoppe.
 32209 | Orc:2    | Bought a potion of curing for 42 gold pieces
 32258 | Orc:2    | Found a staircase to the Elven Halls.
 32467 | Orc:2    | Learned a level 4 spell: Olgreb's Toxic Radiance
 32606 | Spider:1 | Entered Level 1 of the Spider Nest
 33037 | Shoals:1 | Entered Level 1 of the Shoals
 33420 | D:12     | Killed Piem's ghost
 33656 | Elf:1    | Entered Level 1 of the Elven Halls
 34231 | Depths:1 | Entered Level 1 of the Depths
 34231 | Depths:1 | Found Saon's Jewellery Shoppe.
 34235 | Depths:1 | Bought the ring "Seyhethu" {rC+ Int+6 Dex+2 SInv} for 1284
                  | gold pieces
 34954 | Spider:1 | Noticed Nikola
 34983 | Spider:1 | HP: 4/133 [Nikola/bolt of lightning (38)]
 34988 | Spider:1 | Killed from afar by Nikola

Illustrated notes

Levels and vault maps discovered:
D:1:      wander_arrival_chamber, layout_basic, minmay_misc_feat_encased
D:2:      layout_loops_ring, basic_altar,
          shapermc_ecumenical_altar_starsandcircs, kennysheep_potato,
          uniq_terence
D:3:      layout_rooms, portal_sewer_entry_e
D:4:      layout_loops_cross, kiku_gazebo_pond_becter, serial_glass,
          glass_columns_a, glass_columns_a, kennysheep_generic_room_12,
          uniq_natasha, uniq_edmund, uniq_duvessa
D:5:      layout_basic, kennysheep_ying_yang
D:6:      minmay_opposing_rooms, layout_cave_pods, minmay_temple_entry_mist
D:7:      layout_basic, enter_bailey_5, minivault_1,
          chequers_serial_rivers_micro_a, uniq_prince_ribbit1, uniq_maggie
D:8:      layout_loops_ring, chequers_serial_rivers_large_b
D:9:      layout_stronghold, hellmonk_lair_entry_icy, orc_0_dummy, serial_shops,
          nicolae_shop_hallway_plus
D:10:     layout_basic, lemuel_crystal_altar, serial_glass, glass_columns_a,
          glass_columns_c, patterned_corridor
D:11:     layout_basic, serial_shops, shop, minmay_between
D:12:     layout_roguey, gammafunk_ghost_wrathful_warriors, uniq_josephine,
          uniq_rupert
D:13:     layout_roguey, gammafunk_ghost_nasty_kobolds
D:14:     layout_roguey, erik_vaults_1, nemelex_altar_shiori
D:15:     hangedman_depths_entry_try_elsewhere_first, layout_basic,
          lemuel_tele_altar, uniq_jorgrun
Temple:   mainiacjoe_temple_coin_purse
Lair:1:   layout_hall_layers
Lair:2:   layout_regular_city, minmay_shoals_entry_centaurs,
          nicolae_quartered_pool_impasse, nicolae_lair_grove_arrangements,
          uniq_sonja
Lair:3:   layout_chaotic_city, nicolae_spider_entry_tight_spaces,
          serial_bayou_shore_a, uniq_nergalle
Lair:4:   layout_roguey, slime_entry_1, grunt_megastairs_3
Lair:5:   hangedman_lair_in_review, layout_small_grid,
          hangedman_lair_caniforms_friends, minivault_23,
          nicolae_lair_liquid_snakes
Shoals:1: layout_shoals, uniq_kirke, uniq_mlioglotl
Spider:1: layout_spider_delve, uniq_nikola, uniq_donald
Orc:1:    layout_caves, basic_altar
Orc:2:    st_orc_congregation, layout_caves, uniq_nessos, uniq_snorg
Elf:1:    minmay_elf_arrival_summoners, layout_geoelf_octagon,
          minmay_elf_annihilation, hangedman_elf_represent
Depths:1: layout_cave_pools, abyss_entry_crystal, hell_entry,
          minmay_misc_feat_cross, nicolae_kite_square_tiling_tiny,
          kennysheep_small_spiral, minmay_shop_enchanted_jewellery,
          minivault_22, zin_scriptorium

Skill      XL: |  1  2  3  4  5  6  7  8  9 10 11 12 13 14 15 16 |
---------------+-------------------------------------------------+-----
Invocations    | 1 2 3 4 5 6 7 8 9 10 11 12 | 12.4
Long Blades    | 1 2 3 4 5 6 8 9 10 11 | 11.4
Axes           | 1 2 3 4 5 6 8 9 10 11 | 11.4
Maces & Flails | 1 2 3 4 5 6 8 9 10 11 | 11.4
Polearms       | 1 2 3 4 5 6 8 9 10 11 | 11.4
Staves         | 1 2 3 4 5 6 8 9 10 11 | 11.4
Ranged Weapons | 1 2 3 4 5 6 8 9 10 11 | 11.4
Throwing       | 1 2 3 4 5 6 8 9 10 11 | 11.4
Armour         | 1 2 3 4 5 6 8 9 10 11 | 11.4
Dodging        | 1 2 3 4 5 6 8 9 10 11 | 11.4
Shields        | 1 2 3 4 5 6 8 9 10 11 | 11.4
Unarmed Combat | 1 2 3 4 5 6 8 9 10 11 | 11.4
Spellcasting   | 1 2 3 4 5 6 8 9 10 11 | 11.4
Conjurations   | 1 2 3 4 5 6 7 8 9 |  9.6
Hexes          | 1 2 3 4 5 6 7 8 9 |  9.6
Summonings     | 1 2 3 4 5 6 7 8 9 |  9.6
Necromancy     | 1 2 3 4 5 6 7 8 9 |  9.6
Translocations | 1 2 3 4 5 6 7 8 9 |  9.6
Transmutations | 1 2 3 4 5 6 7 8 9 |  9.6
Fire Magic     | 1 2 3 4 5 6 7 8 9 |  9.6
Ice Magic      | 1 2 3 4 5 6 7 8 9 |  9.6
Air Magic      | 1 2 3 4 5 6 7 8 9 |  9.6
Earth Magic    | 1 2 3 4 5 6 7 8 9 |  9.6
Poison Magic   | 1 2 3 4 5 6 7 8 9 |  9.6
Shapeshifting  | 1 2 3 4 5 6 7 8 9 |  9.6
Stealth        | 3 4 5 6 7 8 9 10 11 | 11.6
Evocations     | 3 4 5 6 7 8 9 10 11 | 11.7
Fighting       | 9 10 11 12 13 14 | 14.0
Short Blades   | 9 10 11 12 13 14 | 14.0

Action                     |  1- 3 |  4- 6 |  7- 9 | 10-12 | 13-15 | 16-18 || total
---------------------------+-------+-------+-------+-------+-------+-------++-------
  Melee: Short sword       |   106 |   181 |   502 |   894 |  1396 |   286 ||  3365
         Bite              |     6 |    13 |    56 |   128 |   267 |    66 ||   536
         Punch             |       |     1 |    18 |     2 |       |       ||    21
         Rapier            |       |       |       |    28 |       |       ||    28
         Long sword        |       |       |       |     1 |    29 |    11 ||    41
         War axe           |       |       |       |       |       |    20 ||    20
   Cast: Mephitic Cloud    |       |       |     6 |   102 |   194 |    71 ||   373
         Shock             |       |       |       |    34 |    46 |    12 ||    92
         Iskenderun's Myst |       |       |       |     2 |    25 |     6 ||    33
         Freezing Cloud    |       |       |       |    15 |    98 |    46 ||   159
         Fireball          |       |       |       |       |    38 |     1 ||    39
         Lee's Rapid Decon |       |       |       |       |    24 |       ||    24
         Stone Arrow       |       |       |       |       |    22 |     8 ||    30
  Evoke: Wand              |     2 |     1 |    23 |     3 |    14 |     1 ||    44
    Use: Potion            |     3 |       |     1 |       |     4 |     3 ||    11
         Scroll            |     1 |       |     7 |     4 |    12 |     5 ||    29
   Stab: Sleeping          |     2 |     5 |     5 |     6 |    20 |     3 ||    41
         Paralysed         |       |       |     6 |       |     1 |       ||     7
         Confused          |       |       |     9 |    61 |   132 |    35 ||   237
         Distracted        |       |       |       |       |     1 |       ||     1
         Petrified         |       |       |       |       |     1 |       ||     1
         Invisible         |       |       |       |       |       |     3 ||     3
 Armour: Leather armour    |    19 |    80 |    86 |     7 |       |       ||   192
         Steam dragon scal |       |       |       |   111 |   211 |    21 ||   343
         Ring mail         |       |       |       |       |       |    58 ||    58
  Dodge: Dodged            |    51 |    89 |   168 |   294 |   396 |   127 ||  1125
  Block: Buckler           |       |       |       |   248 |   426 |   123 ||   797

Table legend: (Time is in decaauts)
 A = Elapsed time spent in this place.
 B = Non-inter-level travel time spent in this place.
 C = Inter-level travel time spent in this place.
 D = Time resting spent in this place.
 E = Time spent auto-exploring this place.
 F = Levels seen in this place.
 G = Mean time per level.
                   A        B        C        D        E       F      G
               +--------+--------+--------+--------+--------+-----+--------+
         Total |  34369 |  31420 |   2949 |   3044 |  19181 |  29 | 1185.1 |
       Dungeon |  19035 |  16995 |   2040 |   1258 |  11261 |  15 | 1269.0 |
        Temple |    231 |    231 |      0 |    203 |      1 |   1 |  231.0 |
          Lair |  10458 |   9730 |    728 |   1008 |   5827 |   5 | 2091.6 |
        Shoals |      6 |      6 |      0 |      0 |      0 |   1 |    6.0 |
   Spider Nest |    309 |    309 |      0 |      0 |    142 |   1 |  309.0 |
  Orcish Mines |   2942 |   2765 |    177 |    353 |   1480 |   2 | 1471.0 |
   Elven Halls |     56 |     56 |      0 |      0 |      0 |   1 |   56.0 |
        Depths |     25 |     25 |      0 |      0 |      5 |   1 |   25.0 |
         Sewer |    119 |    119 |      0 |      0 |     40 |   1 |  119.0 |
        Bailey |   1184 |   1184 |      0 |    221 |    424 |   1 | 1184.0 |
               +--------+--------+--------+--------+--------+-----+--------+

Top non-repeatable levels by time:
  Lair:5: 3750 daAuts
     D:6: 1828 daAuts
   Orc:2: 1814 daAuts
    D:15: 1807 daAuts
  Lair:3: 1799 daAuts
    D:14: 1722 daAuts
  Lair:4: 1670 daAuts
  Lair:1: 1658 daAuts
     D:9: 1613 daAuts
  Lair:2: 1580 daAuts
    D:13: 1558 daAuts
    D:10: 1488 daAuts
     D:8: 1471 daAuts
    D:11: 1372 daAuts
  Bailey: 1184 daAuts
